 Dungeon Crawl Stone Soup version 0.31.0-11-ge490571c62 (webtiles) character file.

Game seed: 13233715736850134348

28 qw the Shooter (level 2, -1/14 HPs)
             Began as a Spriggan Hunter on Feb 4, 2024.
             Succumbed to their own poison gas
             ... on level 1 of the Dungeon.
             The game lasted 00:00:24 (802 turns).

qw the Shooter (Spriggan Hunter)                     Turns: 802, Time: 00:00:25

Health: -1/14      AC:  2    Str:  7    XL:     2   Next: 96%
Magic:  3/3        EV: 19    Int: 10    God:
Gold:   13         SH:  0    Dex: 18    Spells: 1/1 levels left

rFire   . . .        a - +0 shortbow
rCold   . . .        (shield currently unavailable)
rNeg    . . .        c - +0 robe
rPois   .            (helmet restricted)
rElec   .            (no cloak)
rCorr   .            (gloves unavailable)
SInv    +            (boots unavailable)
Will    .....        (no amulet)
Stlth   ++           (no ring)
HPRegen 0.22/turn    (no ring)
MPRegen 0.08/turn

%: no passive effects
@: lethally poisoned (-1 -> -9), very quick
A: very small, no large weapons, unfitting armour, see invisible, speed 3
a: no special abilities


You were on level 1 of the Dungeon.
You visited 1 branch of the dungeon, and saw 1 of its levels.

You collected 13 gold pieces.


Innate Abilities, Weirdness & Mutations

You are very small and have problems with some larger weapons.
You are too small for most types of armour.
You have supernaturally acute eyesight. (SInv)
You cover ground extremely quickly. (Speed+++)


   Skills:
 - Level 1.5 Fighting
 + Level 4.4 Ranged Weapons
 - Level 4.0 Dodging
 - Level 1.5 Stealth


You had one spell level left.
You didn't know any spells.
Your spell library was empty.

Inventory:

Hand Weapons
 a - a +0 shortbow (weapon)
Armour
 c - a +0 robe (worn)
Potions
 g - a potion of heal wounds

Dungeon Overview and Level Annotations

Branches:
Dungeon (1/15)

Altars:


Message History

Done exploring.
797 ||| DROPPING potion of degeneration.
You drop a potion of degeneration.
Done exploring.
What level of the Dungeon? (default 1, ? - help) Sorry, I don't know how to get there.
Enter note:
Enter note:
Enter note:
Enter note:
Enter note:
Enter note:
Enter note:
Enter note:
Enter note:
Enter note:
Enter note:
Enter note:
Enter note:
Enter note:
Enter note:
Enter note:
Enter note:
Enter note:
Enter note:
Enter note:
Enter note: You are engulfed in poison gas.
You are lethally poisoned!
You feel very sick.
799 ||| Stepping ~*~*~tactically~*~*~ (cloud).
You feel sick.
Things that are here:
a potion of degeneration; a scroll of butterflies
There is a lethal amount of poison in your body!
You feel very sick.
There is a lethal amount of poison in your body!
You feel sick.
There is a lethal amount of poison in your body!
You die...

#....#.........#
#¤¤¤0#.........#
#00¤0#..........
#00¤0#......#+##
##0¤0¤#.##...#.#
#¤¤0¤##.######.##
#¤¤00##.#........
#######0¤¤0##.#.####.##
#¤¤¤¤¤@¤¤00¤0¤#.####.##
########¤00¤¤¤..%%.%...
#.¤0¤#¤#..###.##
########..¤¤#.#...##...
#..........¤#.#...##.##
######......¤..........
#.##.#.#¤#...##.##
#...............#
#.##.#.#.##...####


There were no monsters in sight!

Vanquished Creatures
  A dart slug (D:1)
  A ball python (D:1)
  An endoplasm (D:1)
  A giant cockroach (D:1)
  3 goblins (D:1)
  2 hobgoblins (D:1)
  5 jackals (D:1)
  A kobold (D:1)
  2 quokkas (D:1)
  2 bats (D:1)
  2 frilled lizards (D:1)
21 creatures vanquished.

Notes
Turn   | Place    | Note
-------+----------+-------------------------------------------
     0 | D:1      | qw the Spriggan Hunter began the quest for the Orb.
     0 | D:1      | Reached XP level 1. HP: 10/10 MP: 2/2
     0 | D:1      | 0 ||| qw: Version: 0.3-a-160-g6735b56
     0 | D:1      | 0 ||| qw: Game counter: 6026
     0 | D:1      | 0 ||| qw: Melee chars always use a shield: true
     0 | D:1      | 0 ||| qw: God list: Okawaru
     0 | D:1      | 0 ||| qw: Allow faded altars: false
     0 | D:1      | 0 ||| qw: Do Orc after clearing Dungeon:15 true
     0 | D:1      | 0 ||| qw: Do second Lair branch before Depths: true
     0 | D:1      | 0 ||| qw: Lair rune preference: random
     0 | D:1      | 0 ||| qw: Goals: Normal
     0 | D:1      | 0 ||| PLANNING D:1-11
    35 | D:1      | Reached skill level 3 in Dodging
   112 | D:1      | Reached XP level 2. HP: 14/14 MP: 3/3
   793 | D:1      | 793 ||| READING 2 scrolls labelled DAN MOOMNUS.
   793 | D:1      | 793 ||| IDENTIFYING lumpy yellow potion
   794 | D:1      | 794 ||| READING scroll of identify.
   794 | D:1      | 794 ||| IDENTIFYING orange potion
   795 | D:1      | 795 ||| READING scroll labelled IRACIAFYSU.
   796 | D:1      | 796 ||| DROPPING scroll of butterflies.
   797 | D:1      | 797 ||| DROPPING potion of degeneration.
   799 | D:1      | 799 ||| Stepping ~*~*~tactically~*~*~ (cloud).
   800 | D:1      | HP: 3/14 [poisoned by you (poison gas)]
   801 | D:1      | HP: 1/14 [poisoned by you (poison gas)]
   802 | D:1      | Succumbed to their own poison gas

Levels and vault maps discovered:
D:1:      giann_bridges, layout_basic, minmay_tripent

Skill      XL: |  1  2 |
---------------+-------+-----
Dodging        | 3 4 |  4.0
Fighting       | |  1.5
Ranged Weapons | |  4.4
Stealth        | |  1.5

Action                     || total
---------------------------++-------
   Fire: Shortbow          ||    57
    Use: Scroll            ||     3
 Armour: Robe              ||     5
  Dodge: Dodged            ||    13

Table legend:
 A = Non-vault XP
 B = Vault XP
 C = Vault XP percentage of total XP
 D = Non-vault monster count
 E = Vault monster count
 F = Vault count percentage of total count
                 A         B        C        D         E       F
            +---------+---------+-------+---------+---------+-------
      Total |      36 |       4 |  10.0 |      19 |       2 |   9.5
            +---------+---------+-------+---------+---------+-------
        D:1 |      36 |       4 |  10.0 |      19 |       2 |   9.5
            +---------+---------+-------+---------+---------+-------
